 Dungeon Crawl Stone Soup version 0.29-a0-997-gf6f7e2dfe7 (webtiles) character file.

Game seed: 12294824501124924972

28 Sobieck the Chopper (level 3, -3/32 HPs)
             Began as a Naga Warper on Aug 4, 2022.
             Slain by Jessica
             ... wielding a +0 dagger
              (5 damage)
             ... on level 2 of the Dungeon.
             The game lasted 00:03:06 (1797 turns).

Sobieck the Chopper (Naga Warper)                   Turns: 1797, Time: 00:03:06

Health: -3/32      AC:  2    Str: 15    XL:     3   Next: 14%
Magic:  6/6        EV:  9    Int: 13    God:
Gold:   88         SH:  0    Dex: 10    Spells: 6/6 levels left

rFire   . . .      SeeInvis +   a - +0 hand axe {axe}
rCold   . . .      Faith    .   (no shield)
rNeg    . . .      Spirit   .   l - +0 leather armour
rPois   +          Reflect  .   (no helmet)
rElec   .          Harm     .   (no cloak)
rCorr   +          Rampage  .   (no gloves)
Will    .....                   (no barding)
Stlth   +.........              (no amulet)
HPRegen 0.10/turn               f - ring of resist corrosion
MPRegen 0.10/turn               (no ring)

@: slowed, very slow
A: AC +1, large, see invisible, deformed body, poison resistance, slowness 2,
spit poison 1, naga tail 1
a: Spit Poison


You were on level 2 of the Dungeon.
You visited 1 branch of the dungeon, and saw 2 of its levels.

You collected 88 gold pieces.


Innate Abilities, Weirdness & Mutations

Your serpentine skin is tough. (AC +1)
You have supernaturally acute eyesight. (SInv)
Armour fits poorly on your strangely shaped body.
Your system is resistant to poisons. (rPois)
You cover ground very slowly.
You can spit poison.
You have a snake-like lower body.


   Skills:
 - Level 2.0 Fighting
 * Level 3.5 Axes
 - Level 0.8 Throwing
 - Level 0.7 Armour
 - Level 1.5 Dodging
 - Level 2.0 Spellcasting
 - Level 3.0 Translocations


You had 6 spell levels left.
You didn't know any spells.
Your spell library contained the following spells:

 Spells                   Type           Power      Damage    Failure   Level
 Blink                    Tloc           18%        N/A       14%         2
 Gell's Gravitas          Tloc           9%         N/A       26%         3
 Lesser Beckoning         Tloc           9%         N/A       26%         3
 Teleport Other           Tloc           9%         N/A       26%         3
 Manifold Assault         Tloc           9%         N/A       94%         5

Inventory:

Hand Weapons
 a - a +0 hand axe (weapon) {axe}
 b - a +4 sling
   (You found it on level 1 of the Dungeon)
 h - a +3 whip of electrocution {mace}
   (You found it on level 1 of the Dungeon)
Missiles
 d - 7 boomerangs of dispersal {=f!fthrowing}
 e - 3 datura-tipped darts {throwing}
 g - 14 stones {throwing}
Armour
 l - a +0 leather armour (worn)
Jewellery
 f - a ring of resist corrosion (left hand)
   (You found it on level 1 of the Dungeon)
 i - a ring of ice
   (You found it on level 1 of the Dungeon)
Scrolls
 c - a scroll of blinking {!r}
 j - 2 scrolls of identify {unknown}
Potions
 k - a potion of curing {unknown}

Dungeon Overview and Level Annotations

Branches:
Dungeon (2/15) Zot: 9822

Altars:

Annotations:
D:2 Jessica

#####.###
#.......#
#.......#
#.......#
#.......#
#.......#
#..@†...#
#<.@....#
#.......#
#.......#
#.......#
#########


You could see Jessica (fast).


Message History

You feel stronger. x2; Your skin feels tougher.
You feel sick.
You feel sick.
You feel sick.
You feel sick.
You feel sick.
You feel sick.
You are no longer poisoned.
Key pressed, stopping explore.
Unknown command.
Unknown command.
Key pressed, stopping explore.
Unknown command.
Unknown command.
Unknown command.
Partly explored, can't reach some places.
Unknown command.
Unknown command.
You can't see any hostile targets in range.
Unknown command.
There is an open door here.
There is a stone staircase leading down here.
You climb downwards.
Jessica shouts!
There is a stone staircase leading up here.
Danger!
Unknown command.
You can't see any hostile targets in range.
Unknown command.
Okay, then.
Unknown command.
Unknown command.
The splash of poison misses Jessica.
Jessica points at you and mumbles some strange words.
You barely resist.
Unknown command.
b - a +4 sling (weapon)
Fire: b) +4 sling
Press: ? - help, Q - select action, (/) - cycle Shift-Dir - straight line, f/p - Jessica
Aim: Jessica, wielding a +0 dagger and wearing a +0 robe (59% to hit)
You shoot a sling bullet.
The sling bullet hits Jessica but does no damage.
Jessica casts a spell at you. Pain shoots through your body!
Fire: b) +4 sling
Press: ? - help, Q - select action, (/) - cycle Shift-Dir - straight line, f/p - Jessica
Aim: Jessica, wielding a +0 dagger and wearing a +0 robe (59% to hit)
You shoot a sling bullet. The sling bullet hits Jessica.
You have got your breath back.
a - a +0 hand axe (weapon)
{axe} Jessica hits you with a +0 dagger.
Unknown command.
You barely miss Jessica. Jessica barely misses you.
You completely miss Jessica.
Jessica mumbles some strange words.
Jessica blinks!
Jessica gestures wildly while chanting.
Jessica seems to speed up.
Unknown command.
b - a +4 sling (weapon)
Unknown command.
Fire: b) +4 sling
Press: ? - help, Q - select action, (/) - cycle Shift-Dir - straight line, f/p - Jessica
Aim: Jessica, wielding a +0 dagger and wearing a +0 robe (moderately wounded, fast, 59% to hit)
You shoot a sling bullet.
The sling bullet completely misses Jessica.
Jessica gestures wildly while chanting.
Jessica blinks!
A ball python comes into view.
Fire: b) +4 sling
Press: ? - help, Q - select action, (/) - cycle Shift-Dir - straight line, f/p - Jessica
Aim: Jessica, wielding a +0 dagger and wearing a +0 robe (moderately wounded, fast, 59% to hit)
You shoot a sling bullet. The sling bullet barely misses Jessica.
The ball python hisses angrily.
Jessica hits you with a +0 dagger.
Jessica points at you and mumbles some strange words.
You feel yourself slow down.
Unknown command.
a - a +0 hand axe (weapon)
{axe} Jessica hits you but does no damage.
Unknown command.
You closely miss Jessica. Jessica hits you with a +0 dagger.
* * * LOW HITPOINT WARNING * * *
Jessica hits you with a +0 dagger.
* * * LOW HITPOINT WARNING * * *
Jessica barely misses you.
You hit Jessica. Jessica completely misses you.
Jessica hits you with a +0 dagger.
* * * LOW HITPOINT WARNING * * *
Jessica closely misses you.
Unknown command.
You barely miss Jessica. You hit the ball python.
You kill the ball python!
Jessica hits you with a +0 dagger.
* * * LOW HITPOINT WARNING * * *
Jessica hits you with a +0 dagger.
* * * LOW HITPOINT WARNING * * *
Unknown command.
You hit Jessica but do no damage. Jessica hits you with a +0 dagger.
You die...

Skill      XL: |  1  2 |
---------------+-------+-----
Axes           | 3 |  3.5
Fighting       | |  2.0
Throwing       | |  0.8
Armour         | |  0.7
Dodging        | |  1.5
Spellcasting   | |  2.0
Translocations | |  3.0

Action                   || total
-------------------------++-------
Melee: Hand axe          ||    39
       Punch             ||     1
 Fire: Sling             ||    10
 Abil: Spit Poison       ||     8
Armor: Leather armour    ||     4
Dodge: Dodged            ||    12

Levels and vault maps discovered:
D:1:      minmay_arrival_five_plusses, layout_loops_corners,
          ebering_ecumenical_altar_hall, serial_rivers,
          chequers_serial_rivers_large_a, chequers_serial_rivers_micro_a,
          chequers_serial_rivers_marsh, chequers_serial_rivers_small_3,
          chequers_serial_rivers_micro_c
D:2:      layout_rooms, uniq_jessica

Notes
Turn   | Place    | Note
-------+----------+-------------------------------------------
     0 | D:1      | Sobieck the Naga Warper began the quest for the Orb.
     0 | D:1      | Reached XP level 1. HP: 19/19 MP: 3/3
   397 | D:1      | Reached XP level 2. HP: 17/26 MP: 5/5
  1147 | D:1      | Reached skill level 3 in Axes
  1257 | D:1      | Found a faded altar of an unknown god.
  1467 | D:1      | HP: 6/26 [poisoned by an adder]
  1468 | D:1      | Reached XP level 3. HP: 8/32 MP: 6/6
  1472 | D:1      | HP: 3/32 [poisoned by an adder]
  1780 | D:2      | Noticed Jessica
  1795 | D:2      | HP: 8/32 [Jessica/+0 dagger (1)]
  1796 | D:2      | HP: 2/32 [Jessica/+0 dagger (5)]
  1797 | D:2      | Slain by Jessica

Vanquished Creatures
  An adder (D:1)
  2 ball pythons
  2 endoplasms (D:1)
  2 giant cockroaches (D:1)
  A goblin (D:1)
  2 hobgoblins (D:1)
  A quokka (D:1)
  A frilled lizard (D:1)
  2 kobolds (D:1)
  3 rats (D:1)
17 creatures vanquished.

Table legend:
 A = Non-vault XP
 B = Vault XP
 C = Vault XP percentage of total XP
 D = Non-vault monster count
 E = Vault monster count
 F = Vault count percentage of total count
                 A         B        C        D         E       F
            +---------+---------+-------+---------+---------+-------
      Total |      41 |       0 |   0.0 |      17 |       0 |   0.0
            +---------+---------+-------+---------+---------+-------
        D:1 |      39 |       0 |   0.0 |      16 |       0 |   0.0
        D:2 |       2 |       0 |   0.0 |       1 |       0 |   0.0
            +---------+---------+-------+---------+---------+-------

Illustrated notes

Table legend:
 A = Kills in this place as a percentage of kills in entire the game.
 B = Kills by you in this place as a percentage of kills by you in the entire game.
 C = Kills by friends in this place as a percentage of kills by friends in the entire game.
 D = Other kills in this place as a percentage of other kills in the entire game.
 E = Experience gained in this place as a percentage of experience gained in the entire game.
 F = Experience gained in this place divided by the number of levels of this place that you have seen.
                   A       B       C       D       E      F
               +-------+-------+-------+-------+-------+----------------------
         Total | 100.0 | 100.0 |   N/A |   N/A | 100.0 |  20.5
       Dungeon | 100.0 | 100.0 |   N/A |   N/A | 100.0 |  20.5
               +-------+-------+-------+-------+-------+----------------------

Table legend: (Time is in decaauts)
 A = Elapsed time spent in this place.
 B = Non-inter-level travel time spent in this place.
 C = Inter-level travel time spent in this place.
 D = Time resting spent in this place.
 E = Time spent auto-exploring this place.
 F = Levels seen in this place.
 G = Mean time per level.
                   A        B        C        D        E       F      G
               +--------+--------+--------+--------+--------+-----+--------+
         Total |   2175 |   2079 |     96 |    455 |   1496 |   2 | 1087.5 |
       Dungeon |   2175 |   2079 |     96 |    455 |   1496 |   2 | 1087.5 |
               +--------+--------+--------+--------+--------+-----+--------+

Top non-repeatable levels by time:
     D:1: 2152 daAuts
     D:2: 22 daAuts
